 Dungeon Crawl Stone Soup version 0.19.1 (webtiles) character file.

270652 Idleism the Executioner (level 19, -11/186 HPs)
             Began as a Deep Dwarf Fighter on Dec 5, 2016.
             Was the Champion of Makhleb.
             Killed from afar by a deep elf annihilator (40 damage)
             ... with an iron shot
             ... on level 3 of the Elven Halls on Dec 6, 2016.
             The game lasted 02:21:25 (29408 turns).

Idleism the Executioner (Deep Dwarf Fighter)       Turns: 29408, Time: 02:21:25

Health: -11/186    AC: 32    Str: 29    XL:     19   Next: 43%
Magic:  20/20      EV: 14    Int: 15    God:    Makhleb [******]
Gold:   2860       SH: 16    Dex: 28    Spells: 0 memorised, 18 levels left

rFire  . . .     SeeInvis +     a - +9 hand axe of Defence by Offence {chop, +Rage rN+ Stlth+}
rCold  + . .     Gourm    .     K - +7 chain mail of Vanity {rC+ rN+ MR+ Dex+4}
rNeg   + + +     Faith    .     k - +0 shield
rPois  .         Spirit   .     h - +2 helmet {SInv}
rElec  .         Reflect  .     X - +1 cloak
rCorr  .         Harm     .     Y - +2 pair of gloves {Dex+3}
MR     ++++.                    H - +0 pair of boots
Stlth  +.........               q - amulet "Womar" {Regen+ Str+4 Int+3 Dex+4}
                                w - +4 ring of slaying
                                l - ring of protection from magic

@: agile, lethally poisoned (-11 -> -30), non-regenerating
A: damage resistance, recharge devices, negative energy resistance 1, sense
surroundings 3, slow regeneration 3
a: Device Recharging, Minor Destruction, Lesser Servant of Makhleb, Major
Destruction, Greater Servant of Makhleb, Renounce Religion, Evoke Berserk Rage
}: 2/15 runes: decaying, serpentine


You were on level 3 of the Elven Halls.
You worshipped Makhleb.
Makhleb was exalted by your worship.
You were hungry.

You visited 7 branches of the dungeon, and saw 35 of its levels.
You also visited: Sewer, Ossuary and Volcano.

You collected 4056 gold pieces.
You spent 1196 gold pieces at shops.

Inventory:

Hand Weapons
 a - the +9 hand axe of Defence by Offence (weapon) {chop, +Rage rN+ Stlth+}
   (You found it on level 7 of the Dungeon)

   It inflicts extra damage upon your enemies.
   It protects you from negative energy.
   It lets you go berserk.
   It makes you more stealthy.
 b - a +1 hand axe of flaming
 A - a +0 broad axe of freezing
 J - a +2 antimagic battleaxe
 S - a +1 battleaxe of flaming
Missiles
 M - 2 throwing nets (quivered)
Armour
 h - a +2 helmet of see invisible (worn)
 k - a +0 shield (worn)
 H - a +0 pair of boots (worn)
 K - the +7 chain mail of Vanity (worn) {rC+ rN+ MR+ Dex+4}
   (You found it on level 15 of the Dungeon)

   It affects your dexterity (+4).
   It protects you from cold.
   It protects you from negative energy.
   It affects your resistance to hostile enchantments.
 X - a +1 cloak (worn)
 Y - a +2 pair of gloves of dexterity (worn)
Rods
 F - a +1 lightning rod (9/9)
   (You found it on level 5 of the Dungeon)
Jewellery
 l - a ring of protection from magic (left hand)
 p - an uncursed ring of resist corrosion
 q - the amulet "Womar" (around neck) {Regen+ Str+4 Int+3 Dex+4}
   (You found it on level 1 of the Lair of Beasts)

   [amulet of regeneration]

   It affects your strength (+4).
   It affects your intelligence (+3).
   It affects your dexterity (+4).
   It increases your rate of regeneration.
 v - an uncursed ring of poison resistance
 w - a +4 ring of slaying (right hand)
 L - an uncursed ring of protection from fire
 R - a +3 amulet of reflection
Wands
 e - a wand of heal wounds (3/9)
 n - a wand of disintegration (8/24)
 o - a wand of teleportation (5/9)
 P - a wand of teleportation (4/9)
 T - a wand of digging (8/24)
 V - a wand of polymorph (7/24)
Scrolls
 d - 5 scrolls of enchant weapon
 g - 4 scrolls of fog
 m - 4 scrolls of enchant armour
 r - 14 scrolls of identify
 t - 12 scrolls of remove curse
 u - 11 scrolls of teleportation
 y - a scroll of recharging
 B - a scroll of amnesia
 O - 6 scrolls of fear
 Q - 4 scrolls of magic mapping
 Z - 3 scrolls of blinking
Potions
 c - 8 potions of curing
 s - 10 potions of flight
 D - 4 potions of haste
 E - 5 potions of heal wounds
 I - a potion of cure mutation
 N - 3 potions of cancellation
 U - 2 potions of agility
Comestibles
 f - 23 bread rations
 i - 13 meat rations


   Skills:
 - Level 15.0 Fighting
 - Level 24.0 Axes
 - Level 15.0 Armour
 + Level 15.0 Shields
 - Level 9.0 Invocations


You had 18 spell levels left.
You didn't know any spells.

Dungeon Overview and Level Annotations

Branches:
Dungeon (15/15)            Temple (1/1) D:5            Lair (6/6) D:9
  Swamp (4/4) Lair:3        Snake (4/4) Lair:3        Slime (0/5) Lair:5
    Orc (2/2) D:12            Elf (3/3) Orc:2        Vaults (0/5) D:14
 Depths (0/5) D:15

Altars:
Ashenzari
Cheibriados
Dithmenos
Elyvilon
Fedhas
Gozag
Hepliaklqana
Kikubaaqudgha
Makhleb
Nemelex Xobeh
Okawaru
Qazlal
Ru
Sif Muna
Trog
Uskayaw
Vehumet
Xom
Yredelemnul
Zin
The Shining One
Beogh

Shops:
D:7 (   D:8 *   Orc:2 ([(*%   Elf:1 (   Elf:3 [

Annotations:
Elf:2 3 runed doors


Innate Abilities, Weirdness & Mutations

You are resistant to damage.
You can recharge devices by infusing magical energy.
You resist negative energy. (rN+)
You passively map a large area around you.
You do not regenerate.


Message History

The deep elf sorcerer howls an incantation.
You feel disoriented. You block the soul eater's attack.
You hit the deep elf annihilator.
The deep elf annihilator is severely wounded.
You hit the soul eater but do no damage.
You slash the green death! The green death closely misses you.
The deep elf annihilator gestures at you while chanting.
The crystal spear hits you!
* * * LOW HITPOINT WARNING * * *
You feel much better.
The deep elf sorcerer mumbles some strange words.
You block the soul eater's attack. The green death gestures at you.
The poison arrow hits you!
You are more poisoned.
* * * LOW HITPOINT WARNING * * *
The deep elf annihilator casts a spell at you.
The iron shot hits you!
You die...

* , , ..# * **.e# * *,
.e# ** .e# * ..# ###
##### ##.e# #.###...##
#[.e# #.##....4###3#
#.##..e@31ee.# #
#.##....2.)).## # #####
#.##....)).)..#
###...##
#.##.....)...##
..'....###)##.........#
###.....'..##.........#
# #.....##.##.....###.#
# #..../##.##.....#
#.### #
#....%##.##.....###...#


You could see an Ice Fiend, a green death, 2 deep elf annihilators, a deep elf
sorcerer, 2 soul eaters and an ice devil.

Vanquished Creatures
  Saint Roka (Orc:2)
  Rupert (D:14)
  A deep elf blademaster (Elf:3)
  Agnes (D:14)
  8 nagarajas
  A fire giant (D:15)
  7 deep elf sorcerers
  2 orc warlords
  Louise (Elf:3)
  3 deep elf elementalists (Elf:3)
  A very ugly thing (Swamp:1)
  A stone giant (Volcano)
  Nessos (D:14)
  3 deep elf annihilators
  2 deep elf demonologists (Elf:3)
  2 deep elf death magi (Elf:3)
  2 deep elf high priests
  4 fire dragons
  An ice dragon (Lair:6)
  The ghost of XO4YCPATb the Grappler, a journeyman TrHu of Cheibriados (Orc:1)
  Erolcha (Orc:2)
  15 naga warriors
  10 anacondas
  18 hydras
  A catoblepas (D:14)
  A ghost crab (Swamp:3)
  5 centaur warriors
  11 dancing weapons
  5 alligators
  Urug (D:14)
  A death yak (D:9)
  10 naga sharpshooters
  6 shock serpents
  5 orc high priests
  A large abomination (Elf:3)
  2 small abominations
  9 deep elf knights
  A fire crab (Swamp:4)
  6 salamander mystics (Snake:4)
  4 skeletal warriors (D:11)
  9 deep elf archers
  7 lindwurms
  9 swamp dragons
  The ghost of herself the Insei, a novice OpTm of Gozag (D:9)
  An obsidian statue (Volcano)
  2 sea snakes (Snake:1)
  A shambling mangrove (Swamp:3)
  7 naga ritualists
  5 hill giants
  14 orc knights
  Pikel (D:9)
  5 oklob plants (Lair:5)
  50 deep elf magi
  3 orc sorcerers
  The ghost of Philosophy the Poker, a novice MfGl of Okawaru (D:8)
  14 mana vipers
  3 cyclopes
  A salamander (shapeshifter) (Elf:2)
  A manticore (D:12)
  4 ugly things
  16 elephants
  5 salamanders
  6 guardian serpents (Snake:4)
  A molten gargoyle (Lair:1)
  46 black mambas
  Psyche (D:9)
  3 gargoyles
  18 naga magi
  5 torpor snails (Lair:6)
  9 spiny frogs
  5 centaur skeletons
  A kobold demonologist (D:13)
  2 efreet
  2 rime drakes
  9 komodo dragons
  A queen bee (shapeshifter) (D:13)
  10 trolls
  6 polar bears (Lair:1)
  13 hornets
  9 bog bodies
  A two-headed ogre (D:13)
  Prince Ribbit (D:5)
  7 tyrant leeches
  10 slime creatures
  7 blink frogs
  5 dream sheep (Lair:3)
  7 hippogriffs
  6 air elementals
  A vampire (D:15)
  2 shadows
  3 spriggans
  A water elemental (Elf:2)
  3 wyverns
  41 yaks
  7 fire elementals
  2 fire bats (Volcano)
  2 basilisks
  16 humans
  2 steam dragons
  16 vampire mosquitoes
  3 hungry ghosts
  2 wargs (Orc:1)
  32 nagas
  A soldier ant (D:12)
  17 swamp worms
  7 mottled dragons
  4 insubstantial wisps (Swamp:1)
  8 water moccasins
  Duvessa (D:6)
  2 ice beasts
  5 porcupines
  15 swamp drakes
  14 black bears
  55 orc warriors
  3 sky beasts
  Purgy (Sewer)
  2 necrophages
  3 slaves (D:9)
  4 phantoms
  11 ogres
  9 wolves
  15 centaurs
  13 crocodiles
  4 big kobolds
  An elf zombie (D:4)
  Blork the orc (D:6)
  17 bullfrogs
  An earth elemental (Elf:1)
  An elf skeleton (D:4)
  A wyvern skeleton (D:11)
  A water moccasin skeleton (D:9)
  Dowan (D:6)
  4 scorpions
  17 killer bees
  2 electric eels
  3 wights (D:13)
  2 howler monkeys
  5 centaur zombies
  5 crimson imps
  2 bullfrog zombies
  7 lava snakes (Volcano)
  2 human zombies (D:4)
  25 orc priests
  11 hounds
  5 jellies
  A bullfrog skeleton (D:5)
  7 iguanas
  Ijyb (D:2)
  2 human skeletons (D:4)
  21 orc wizards
  8 worker ants
  A big kobold zombie (Ossuary)
  A hound skeleton (D:4)
  8 mummies (Ossuary)
  15 gnolls
  12 adders
  2 shadow imps
  An ooze (D:6)
  A dart slug (D:4)
  The ghost of dscm the Digger, a weakling OpEE of the Shining One (D:3)
  5 leopard geckos
  113 orcs
  14 bats
  6 giant cockroaches
  2 gnoll zombies (Ossuary)
  6 goblins
  12 hobgoblins
  20 jackals
  4 quokkas
  7 frilled lizards
  18 kobolds
  4 kobold zombies (Ossuary)
  A leopard gecko zombie (D:4)
  An orc zombie (Ossuary)
  9 rats
  2 crawling corpses
  A fungus (Lair:5)
  18 plants
1274 creatures vanquished.

Vanquished Creatures (others)
  An alligator (Swamp:1)
  A deep elf knight (Elf:1)
  A lindwurm (Swamp:4)
  A deep elf mage (Elf:1)
  A guardian serpent (Snake:4)
  A black mamba (Snake:4)
  A tyrant leech (Swamp:1)
  A fire elemental (Elf:1)
  A mottled dragon (Swamp:4)
  A naga (Snake:4)
  A swamp drake (Swamp:4)
  3 fungi
  11 plants
25 creatures vanquished.

Grand Total: 1299 creatures vanquished

Notes
Turn   | Place    | Note
-------+----------+-------------------------------------------
     0 | D:1      | Idleism the Deep Dwarf Fighter began the quest for the Orb.
     0 | D:1      | Reached XP level 1. HP: 20/20 MP: 1/1
    72 | D:1      | Reached XP level 2. HP: 27/27 MP: 2/2
    73 | D:1      | Reached skill level 3 in Axes
   528 | D:1      | Reached XP level 3. HP: 20/33 MP: 3/3
   839 | D:2      | Found a faded altar of an unknown god.
   848 | D:2      | Reached skill level 4 in Axes
   924 | D:2      | Noticed Ijyb
   941 | D:2      | Killed Ijyb
   941 | D:2      | Reached skill level 5 in Axes
   941 | D:2      | Reached XP level 4. HP: 36/40 MP: 4/4
  1348 | D:3      | Found an ancient bone altar of Kikubaaqudgha.
  1358 | D:3      | Found a sacrificial altar of Ru.
  1358 | D:3      | Found a snail-covered altar of Cheibriados.
  1383 | D:3      | Found a stormy altar of Qazlal.
  1537 | D:3      | Noticed dscm's ghost (weakling OpEE)
  1538 | D:3      | Found a burning altar of Makhleb.
  1546 | D:3      | Reached XP level 5. HP: 39/46 MP: 5/5
  1547 | D:3      | Killed dscm's ghost
  1547 | D:3      | Reached skill level 6 in Axes
  1568 | D:3      | Became a worshipper of Makhleb the Destroyer
  1683 | D:3      | Found a sparkling altar of Nemelex Xobeh.
  2196 | D:3      | Noticed an ogre
  2203 | D:3      | Killed an ogre
  2203 | D:3      | Reached XP level 6. HP: 22/55 MP: 6/6
  2256 | D:4      | Reached skill level 7 in Axes
  2403 | D:4      | Reached skill level 8 in Axes
  2635 | D:4      | Reached * piety under Makhleb
  2635 | D:4      | Reached XP level 7. HP: 51/62 MP: 7/7
  2680 | D:4      | Found a sand-covered staircase.
  2696 | Ossuary  | Entered an ossuary
  2774 | Ossuary  | Reached skill level 5 in Fighting
  3250 | D:5      | Entered Level 5 of the Dungeon
  3324 | D:5      | Found a staircase to the Ecumenical Temple.
  3328 | Temple   | Entered the Ecumenical Temple
  3527 | D:5      | Noticed Prince Ribbit
  3548 | D:5      | Reached ** piety under Makhleb
  3555 | D:5      | Killed Prince Ribbit
  3555 | D:5      | Reached skill level 9 in Axes
  3555 | D:5      | Reached XP level 8. HP: 40/74 MP: 7/7
  4044 | D:6      | Reached skill level 10 in Axes
  4238 | D:6      | Noticed Dowan
  4241 | D:6      | Noticed Duvessa
  4247 | D:6      | Killed Dowan
  4254 | D:6      | Killed Duvessa
  4259 | D:6      | Reached skill level 11 in Axes
  4276 | D:6      | Got a shimmering ring mail
  4345 | D:6      | Found a glowing drain.
  4358 | Sewer    | Entered a sewer
  4409 | Sewer    | Noticed Purgy
  4426 | Sewer    | Killed Purgy
  4426 | Sewer    | Gained mutation: You passively map the area around you. [Deep Dwarf growth]
  4426 | Sewer    | Reached XP level 9. HP: 81/81 MP: 8/8
  4488 | D:6      | Identified the +2 ring mail of Adiacveze {-Tele Str+4 Int+2} (You found it on level 6 of the Dungeon)
  4714 | D:6      | Reached *** piety under Makhleb
  4733 | D:6      | Reached skill level 12 in Axes
  4779 | D:6      | Found an ancient bone altar of Kikubaaqudgha.
  4843 | D:6      | Noticed Blork the orc
  4852 | D:6      | Killed Blork the orc
  5235 | D:7      | Reached skill level 5 in Armour
  5295 | D:7      | Got a slimy hand axe
  5296 | D:7      | Identified the +9 hand axe of Defence by Offence {chop, +Rage rN+ Stlth+} (You found it on level 7 of the Dungeon)
  5488 | D:7      | Found Okis Hytisk's Antique Weapon Emporium.
  6063 | D:8      | Found an opulent altar of Gozag.
  6076 | D:8      | Found a sacrificial altar of Ru.
  6156 | D:8      | Reached **** piety under Makhleb
  6216 | D:8      | Found a blossoming altar of Fedhas.
  6234 | D:8      | Noticed Philosophy's ghost (novice MfGl)
  6364 | D:8      | Found Yplawk's General Store.
  6372 | D:8      | Bought a +1 pair of gloves of dexterity for 231 gold pieces
  6372 | D:8      | Bought a scroll of blinking for 105 gold pieces
  6492 | D:8      | Killed Philosophy's ghost
  6492 | D:8      | Reached skill level 13 in Axes
  6492 | D:8      | Reached XP level 10. HP: 88/88 MP: 9/9
  7018 | D:9      | Noticed Pikel
  7033 | D:9      | Killed Pikel
  7111 | D:9      | Found a staircase to the Lair.
  7111 | D:9      | Noticed an elephant
  7112 | D:9      | Noticed a death yak
  7129 | D:9      | Killed an elephant
  7129 | D:9      | Reached skill level 14 in Axes
  7150 | D:9      | Killed a death yak
  7238 | D:9      | Noticed her own ghost (novice OpTm)
  7253 | D:9      | Killed her own ghost
  7253 | D:9      | Reached skill level 15 in Axes
  7436 | D:9      | Found a hazy altar of Hepliaklqana.
  7674 | D:9      | Noticed Psyche
  7687 | D:9      | Killed Psyche
  7687 | D:9      | Reached XP level 11. HP: 94/94 MP: 10/10
  7787 | Lair:1   | Entered Level 1 of the Lair of Beasts
  7809 | Lair:1   | Found a dark tunnel.
  7818 | Volcano  | Entered a volcano
  7880 | Volcano  | Reached ***** piety under Makhleb
  7928 | Volcano  | Noticed an obsidian statue
  7949 | Volcano  | Noticed a stone giant
  7964 | Volcano  | Killed an obsidian statue
  7964 | Volcano  | Reached skill level 16 in Axes
  7976 | Volcano  | Killed a stone giant
  7984 | Volcano  | Found a radiant altar of Vehumet.
  8383 | Lair:1   | Got a flickering pewter amulet
  8435 | Lair:1   | Noticed a five-headed hydra
  8726 | Lair:1   | Killed a five-headed hydra
  8982 | Lair:2   | Reached XP level 12. HP: 92/115 MP: 11/11
  9120 | Lair:2   | Reached skill level 10 in Fighting
  9759 | Lair:3   | Reached skill level 10 in Armour
  9807 | Lair:3   | Found a staircase to the Snake Pit.
  9991 | Lair:3   | Noticed a five-headed hydra
  9998 | Lair:3   | Reached ****** piety under Makhleb
 10019 | Lair:3   | Killed a six-headed hydra
 10166 | Lair:3   | Identified the amulet "Womar" {Regen+ Str+4 Int+3 Dex+4} (You found it on level 1 of the Lair of Beasts)
 10360 | Lair:3   | Found a staircase to the Swamp.
 10709 | Lair:4   | Reached skill level 5 in Shields
 10739 | Lair:4   | Reached XP level 13. HP: 123/123 MP: 12/12
 11377 | Lair:5   | Reached skill level 10 in Shields
 11425 | Lair:5   | Found a staircase to the Slime Pits.
 11476 | Lair:5   | Gained mutation: You resist negative energy. (rN+) [Deep Dwarf growth]
 11476 | Lair:5   | Reached XP level 14. HP: 132/132 MP: 13/13
 12195 | Lair:5   | Reached skill level 17 in Axes
 12413 | Lair:6   | Entered Level 6 of the Lair of Beasts
 13247 | Lair:6   | Found a runed door.
 13348 | Lair:6   | Reached skill level 18 in Axes
 13723 | D:10     | Entered Level 10 of the Dungeon
 13935 | D:10     | Got a blackened dagger
 14031 | D:10     | Identified the +4 dagger of Camuetie {flame, *Contam MR+ Str+3 Dex+4} (You found it on level 10 of the Dungeon)
 14061 | D:10     | Gained mutation: You are dopey. (Int -2) [mutagenic glow]
 14225 | D:10     | Lost mutation: You are dopey. (Int -2) [potion of cure mutation]
 14445 | D:11     | Reached skill level 19 in Axes
 14462 | D:11     | Reached skill level 1 in Invocations
 15124 | D:12     | Reached skill level 5 in Invocations
 15229 | D:12     | Reached XP level 15. HP: 138/138 MP: 18/18
 15237 | D:12     | Found a staircase to the Orcish Mines.
 15292 | Orc:1    | Entered Level 1 of the Orcish Mines
 15494 | Orc:2    | Entered Level 2 of the Orcish Mines
 15554 | Orc:2    | Noticed Erolcha
 15563 | Orc:2    | Killed Erolcha
 15655 | Orc:2    | Found Bituqi's Food Emporium.
 15734 | Orc:2    | Found a staircase to the Elven Halls.
 15774 | Orc:2    | Found a roughly hewn altar of Beogh.
 15943 | Orc:1    | Noticed XO4YCPATb's ghost (journeyman TrHu)
 16032 | Orc:2    | Noticed Saint Roka
 16137 | Orc:2    | Killed Saint Roka
 16179 | Orc:2    | Found Qyirizoq's Antique Weapon Shop.
 16180 | Orc:2    | Found a roughly hewn altar of Beogh.
 16183 | Orc:2    | Found Xeirchese's Antique Armour Boutique.
 16258 | Orc:2    | Found a roughly hewn altar of Beogh.
 16323 | Orc:2    | Found a roughly hewn altar of Beogh.
 16329 | Orc:2    | Found Huufroso's Weapon Shoppe.
 16464 | Orc:2    | Found a roughly hewn altar of Beogh.
 16489 | Orc:2    | Found a roughly hewn altar of Beogh.
 16547 | Orc:2    | Found a roughly hewn altar of Beogh.
 16566 | Orc:2    | Found Raruhebb's General Store.
 16648 | Orc:1    | Reached skill level 20 in Axes
 16656 | Orc:1    | Killed XO4YCPATb's ghost
 17809 | D:14     | Found a gate to the Vaults.
 17809 | D:14     | Noticed Urug
 17809 | D:14     | Noticed Rupert
 17864 | D:14     | Noticed Nessos
 17946 | D:14     | Killed Nessos
 18013 | D:14     | Noticed Agnes
 18032 | D:14     | Killed Agnes
 18101 | D:14     | Killed Rupert
 18121 | D:14     | Killed Urug
 18180 | D:14     | Found a roughly hewn altar of Beogh.
 18341 | D:14     | Identified a scroll of acquirement
 18759 | D:15     | Entered Level 15 of the Dungeon
 18760 | D:15     | Found a blossoming altar of Fedhas.
 18796 | D:15     | Got a twisted chain mail
 18797 | D:15     | Identified the +7 chain mail of Vanity {rC+ rN+ MR+ Dex+4} (You found it on level 15 of the Dungeon)
 18953 | D:15     | Reached XP level 16. HP: 152/152 MP: 17/17
 19055 | D:15     | Found a staircase to the Depths.
 19525 | Swamp:1  | Entered Level 1 of the Swamp
 20297 | Swamp:2  | Reached skill level 15 in Armour
 20434 | Swamp:4  | Entered Level 4 of the Swamp
 21021 | Swamp:4  | Got a decaying rune of Zot
 21196 | Swamp:3  | Paralysed by a hornet for 1 turns
 21563 | Snake:1  | Entered Level 1 of the Snake Pit
 22212 | Snake:2  | Reached XP level 17. HP: 168/168 MP: 18/18
 22663 | Snake:2  | Reached skill level 15 in Fighting
 24169 | Snake:4  | Entered Level 4 of the Snake Pit
 25075 | Snake:4  | Reached skill level 21 in Axes
 25158 | Snake:4  | Gained mutation: You passively map a large area around you. [Deep Dwarf growth]
 25158 | Snake:4  | Reached XP level 18. HP: 165/178 MP: 19/19
 25308 | Snake:4  | Got a serpentine rune of Zot
 25695 | Snake:4  | Reached skill level 22 in Axes
 26135 | Elf:1    | Entered Level 1 of the Elven Halls
 26213 | Elf:1    | Found Ivi Gimp's Weapon Boutique.
 26877 | Elf:1    | Reached skill level 23 in Axes
 27648 | Elf:1    | Found a roughly hewn altar of Beogh.
 28030 | Elf:2    | Found a runed gate.
 28030 | Elf:2    | Found a runed gate.
 28030 | Elf:2    | Found a runed gate.
 28342 | Elf:3    | Entered Level 3 of the Elven Halls
 28356 | Elf:3    | Reached XP level 19. HP: 156/186 MP: 20/20
 28405 | Elf:3    | Found Uxengil's Antique Armour Shop.
 28413 | Elf:3    | Bought an embroidered cloak for 430 gold pieces
 28413 | Elf:3    | Bought a glowing helmet for 430 gold pieces
 28682 | Elf:3    | Reached skill level 24 in Axes
 28929 | Elf:3    | Found a roughly hewn altar of Beogh.
 29176 | Elf:3    | Noticed Louise
 29191 | Elf:3    | Killed Louise
 29316 | Elf:3    | Noticed a Brimstone Fiend
 29400 | Elf:3    | Reached skill level 15 in Shields
 29408 | Elf:3    | Killed from afar by a deep elf annihilator

Skill      XL: |  1  2  3  4  5  6  7  8  9 10 11 12 13 14 15 16 17 18 19 |
---------------+----------------------------------------------------------+-----
Axes           | 3 5 6 8 9 11 13 15 16 19 20 21 23 24 | 24.0
Fighting       | 3 5 9 10 12 14 15 | 15.0
Armour         | 4 8 12 13 15 | 15.0
Shields        | 9 10 11 13 15 | 15.0
Invocations    | 6 9 |  9.0

Action                   |  1- 3 |  4- 6 |  7- 9 | 10-12 | 13-15 | 16-18 | 19-21 || total
-------------------------+-------+-------+-------+-------+-------+-------+-------++-------
Melee: War axe           |   144 |   180 |   386 |       |       |       |       ||   710
       Hand axe          |       |       |   124 |   590 |  1499 |  2206 |   296 ||  4715
       Flail             |       |       |       |     7 |       |       |       ||     7
       Morningstar       |       |       |       |    18 |     8 |       |       ||    26
Invok: Lesser Servant of |       |       |       |       |       |     1 |       ||     1
 Abil: Device Recharging |       |       |     1 |       |     2 |     2 |       ||     5
Evoke: Wand              |     2 |     2 |     4 |    10 |     7 |     5 |     1 ||    31
  Use: Scroll            |       |     3 |     6 |     8 |    10 |     3 |       ||    30
       Potion            |       |     3 |     4 |     3 |     9 |     8 |     2 ||    29
 Stab: Distracted        |       |       |       |       |       |     1 |     1 ||     2
  Eat: Chunk             |       |     6 |    13 |    13 |    28 |    24 |     3 ||    87
       Beef jerky        |       |       |     1 |     1 |       |     1 |       ||     3
       Pizza             |       |       |       |       |       |     5 |       ||     5
Armor: Scale mail        |    50 |       |       |       |       |       |       ||    50
       Chain mail        |    39 |    90 |   188 |       |    28 |   863 |    84 ||  1292
       Plate armour      |       |       |    75 |   418 |   486 |       |       ||   979
Dodge: Dodged            |    55 |    32 |    94 |   100 |   229 |   426 |    45 ||   981
Block: Shield            |    79 |    82 |   220 |   275 |   675 |  1201 |   146 ||  2678
